 Dungeon Crawl Stone Soup version 0.17-a0-1840-g87820a2 (webtiles) character file.

8487 kae the Impaler (level 11, 0/90 HPs)
             Began as a Naga Fighter on Sept 16, 2015.
             Was a High Priest of Cheibriados.
             Slain by a five-headed hydra (4 damage)
             ... on level 1 of the Lair of Beasts.
             The game lasted 00:29:28 (14267 turns).

kae the Impaler (Naga Fighter)                     Turns: 14267, Time: 00:29:28

Health: 0/90       AC: 14    Str: 33    XL:     11   Next: 31%
Magic:  2/11       EV: 13    Int: 21    God:    Cheibriados [*****.]
Gold:   390        SH:  0    Dex: 31    Spells: 0 memorised, 10 levels left

rFire  . . .     SeeInvis +     b - +0 halberd (venom)
rCold  . . .     Clarity  .     g - +3 scale mail {MR+}
rNeg   . . .     SustAt   .     (no shield)
rPois  +         Gourm    .     n - +0 helmet
rElec  .         Spirit   .     z - +1 cloak {+Inv}
rCorr  .         Warding  .     I - +0 pair of gloves
rMut   .         Stasis   .     (no barding)
MR     ++...                    (no amulet)
Stlth  +++.......               t - ring of flight
                                K - ring of stealth

@: agile, marked, very slightly contaminated, invisible, very slow, very
resistant to hostile enchantments, fairly stealthy
A: see invisible, deformed body, poison resistance, slowness 2, slow metabolism
1, spit poison 2, AC +3
a: Spit Poison, Bend Time, Temporal Distortion, Slouch, Step From Time, Renounce
Religion, Evoke Flight


You were on level 1 of the Lair of Beasts.
You worshipped Cheibriados.
Cheibriados was extremely pleased with you.
You were hungry.

You visited 3 branches of the dungeon, and saw 11 of its levels.

You collected 619 gold pieces.
You spent 229 gold pieces at shops.

Inventory:

Hand weapons
 a - a +1 trident
 b - a +0 halberd of venom (weapon)
 H - a +2 trident of protection
 L - a -1 glaive
Missiles
 s - 2 steel tomahawks (quivered)
Armour
 c - a +0 shield
 g - a +3 scale mail of magic resistance (worn)
 n - a +0 helmet (worn)
 z - a +1 cloak of invisibility (worn)
 I - a +0 pair of gloves (worn)
 J - a +0 plate armour
Jewellery
 t - a ring of flight (right hand)
 K - a ring of stealth (left hand)
Magical devices
 k - a wand of invisibility (0)
 u - a wand of magic darts (18)
 B - a wand of polymorph (17)
 C - a wand of slowing (22)
 G - a wand of slowing (36)
Scrolls
 h - a scroll of enchant weapon
 o - a scroll of remove curse
 r - 2 scrolls of amnesia
 y - 3 scrolls of identify
Potions
 f - 3 potions of curing
 i - a potion of berserk rage
 m - a potion of cure mutation
 q - 2 potions of brilliance
 v - a potion of resistance
 x - a potion of agility
Books
 l - a book of Cantrips

   Spells                             Type                      Level
   a - Corona                         Hexes                        1
   b - Animate Skeleton               Necromancy                   1
   c - Summon Small Mammal            Summoning                    1
   d - Apportation                    Translocation                1
 E - a book of Hinderance

   Spells                             Type                      Level
   a - Confusing Touch                Hexes                        2
   b - Confuse                        Hexes                        3
   c - Gell's Gravitas                Hexes/Translocation          3
   d - Petrify                        Transmutation/Earth          4
   e - Metabolic Englaciation         Hexes/Ice                    5
 F - a book of Fire

   Spells                             Type                      Level
   a - Ignite Poison                  Fire/Transmutation/Poison    3
   b - Fireball                       Conjuration/Fire             5
   c - Bolt of Fire                   Conjuration/Fire             6
   d - Delayed Fireball               Conjuration/Fire             7
   e - Ring of Flames                 Charms/Fire                  7
 M - a book of the Warp

   Spells                             Type                      Level
   a - Recall                         Summoning/Translocation      3
   b - Gell's Gravitas                Hexes/Translocation          3
   c - Force Lance                    Conjuration/Translocation    4
   d - Phase Shift                    Translocation                5
   e - Warp Weapon                    Charms/Translocation         5
   f - Summon Forest                  Summoning/Translocation      5
Comestibles
 e - 9 bread rations
 j - a beef jerky
 p - 6 meat rations
 w - 2 fruits
 N - a slice of pizza


   Skills:
 - Level 3.0 Fighting
 - Level 16.2 Polearms
 - Level 2.4 Armour
 - Level 2.4 Shields
 + Level 1.0 Invocations


You had 10 spell levels left.
You didn't know any spells.

Dungeon Overview and Level Annotations

Branches:
Dungeon (9/15)             Temple (1/1) D:5            Lair (1/8) D:8
    Orc (0/4) D:9

Altars:
Ashenzari
Cheibriados
Dithmenos
Elyvilon
Fedhas
Gozag
Kikubaaqudgha
Makhleb
Nemelex Xobeh
Okawaru
Qazlal
Ru
Sif Muna
Trog
Vehumet
Xom
Yredelemnul
Zin
The Shining One
Beogh

Shops:
D:8 [


Innate Abilities, Weirdness & Mutations

You cannot wear boots.
Your serpentine skin is tough (AC +3).
You have supernaturally acute eyesight.
Armour fits poorly on your strangely shaped body.
Your system is resistant to poisons.
You cover ground very slowly.
You have a slow metabolism.
You can spit poison.


Message History

Unknown command.
Unknown command.
Drink which item? (? for menu, Esc to quit)
You feel better.
The five-headed hydra bites you but does no damage.
The five-headed hydra bites you!
* * * LOW HITPOINT WARNING * * *
The five-headed hydra closely misses you.
The five-headed hydra bites you.
* * * LOW HITPOINT WARNING * * *
The five-headed hydra closely misses you.
Unknown command.
Drink which item? (? for menu, Esc to quit)
You feel better. The blink frog hits you!
* * * LOW HITPOINT WARNING * * *
The five-headed hydra barely misses you.
The five-headed hydra bites you!
* * * LOW HITPOINT WARNING * * *
The five-headed hydra bites you.
You die...

#...##...##......##...##......
##........##......#....##...#...
#....#....##.......######.......
##....#.####......#.###.#...##..
#P...##.####.................
##.......................
#.......................
#...............§......
#...............@#..#+### .
##....#+##..##.F#Dl.....#..
#...# ......#...........†. ....
..........#..†....# #..
#.......#..........+.
+.........†#.......P..
#.......#..+.......#..
...................
.....P.............


You could see a five-headed hydra, a komodo dragon and a blink frog.

Vanquished Creatures
  2 spiny frogs (Lair:1)
  A fire drake (Lair:1)
  A troll (D:9)
  A blink frog (Lair:1)
  A merfolk (D:9)
  10 yaks (D:9)
  Grum (D:9)
  2 wolves (D:9)
  A hungry ghost (D:8)
  3 hippogriffs
  A water moccasin (Lair:1)
  A porcupine (Lair:1)
  Duvessa (D:4)
  5 ice beasts
  A phantom (D:5)
  2 black bears
  6 orc warriors
  3 crocodiles (Lair:1)
  3 ogres (D:8)
  3 centaurs
  3 big kobolds
  3 giant frogs
  A wyvern skeleton (D:9)
  2 jellies (D:5)
  Dowan (D:4)
  2 scorpions
  7 crimson imps
  3 orc wizards
  7 orc priests
  5 hounds
  A quasit (D:7)
  2 centaur skeletons
  A giant frog skeleton (D:5)
  An iguana (Lair:1)
  10 worker ants
  A hound zombie (D:7)
  2 worker ant zombies
  4 gnolls (D:7)
  2 shadow imps
  17 adders
  2 oozes
  An adder skeleton (D:5)
  A worm (D:6)
  3 giant geckos
  53 orcs
  8 bats
  9 giant cockroaches
  6 goblins
  3 hobgoblins
  11 jackals
  6 quokkas
  A giant gecko skeleton (D:5)
  4 giant newts
  35 kobolds
  A quokka skeleton (D:6)
  A quokka zombie (D:8)
  2 rats (D:1)
  A fungus (D:8)
  2 plants (D:4)
274 creatures vanquished.

Vanquished Creatures (others)
  A jackal (D:5)
1 creature vanquished.

Grand Total: 275 creatures vanquished

Notes
Turn   | Place    | Note
--------------------------------------------------------------
     0 | D:1      | kae the Naga Fighter began the quest for the Orb.
     0 | D:1      | Reached XP level 1. HP: 21/21 MP: 1/1
   360 | D:1      | Reached XP level 2. HP: 28/28 MP: 2/2
   884 | D:2      | Found a glowing golden altar of the Shining One.
   954 | D:2      | Reached XP level 3. HP: 34/34 MP: 3/3
  1681 | D:2      | Reached skill level 4 in Polearms
  1989 | D:3      | Reached XP level 4. HP: 33/42 MP: 4/4
  2324 | D:3      | Found a faded altar to an unknown god.
  2334 | D:3      | Reached skill level 5 in Polearms
  2334 | D:3      | Reached XP level 5. HP: 5/49 MP: 5/5
  3284 | D:4      | Noticed Duvessa
  3284 | D:4      | Noticed Dowan
  3540 | D:4      | Reached skill level 6 in Polearms
  3683 | D:4      | Reached XP level 6. HP: 45/56 MP: 6/6
  4119 | D:4      | Killed Dowan
  4144 | D:4      | Killed Duvessa
  4144 | D:4      | Reached skill level 7 in Polearms
  4493 | D:4      | Reached XP level 7. HP: 53/62 MP: 7/7
  4969 | D:4      | Found a stormy altar of Qazlal.
  5531 | D:5      | Entered Level 5 of the Dungeon
  5597 | D:5      | Found a staircase to the Ecumenical Temple.
  5607 | Temple   | Entered the Ecumenical Temple
  5650 | Temple   | Became a worshipper of Cheibriados the Contemplative
  5902 | D:5      | Reached skill level 8 in Polearms
  6306 | D:5      | Reached skill level 9 in Polearms
  6306 | D:5      | Reached XP level 8. HP: 46/69 MP: 8/8
  6469 | D:5      | Acquired Cheibriados's first power
  6737 | D:5      | HP: 3/69 [acid (8)]
  7298 | D:6      | Found a white marble altar of Elyvilon.
  7774 | D:6      | Reached skill level 10 in Polearms
  8407 | D:6      | Reached skill level 11 in Polearms
  8514 | D:7      | Reached XP level 9. HP: 59/75 MP: 9/9
  8956 | D:7      | Found a shimmering altar of Xom.
  8957 | D:7      | Found a deep blue altar of Sif Muna.
  9115 | D:7      | Acquired Cheibriados's second power
  9146 | D:7      | Reached skill level 12 in Polearms
  9223 | D:8      | Found a staircase to the Lair.
  9478 | D:8      | Found a sparkling altar of Nemelex Xobeh.
  9650 | D:8      | Noticed a centaur skeleton
  9723 | D:8      | Found Jyacs's Antique Armour Emporium.
  9749 | D:8      | Bought a glowing cloak for 121 gold pieces
  9996 | D:8      | Killed a centaur skeleton
 10068 | D:8      | Reached skill level 13 in Polearms
 10477 | D:8      | Found a blossoming altar of Fedhas.
 10642 | D:8      | Reached XP level 10. HP: 70/84 MP: 10/10
 10920 | Lair:1   | Entered Level 1 of the Lair of Beasts
 11158 | D:8      | Bought a runed scale mail for 108 gold pieces
 11340 | D:9      | Noticed Grum
 11352 | D:9      | Killed Grum
 11352 | D:9      | Acquired Cheibriados's third power
 11412 | D:9      | Reached skill level 14 in Polearms
 12063 | D:9      | Found a basalt altar of Yredelemnul.
 12102 | D:9      | Reached skill level 15 in Polearms
 12293 | D:9      | Acquired Cheibriados's fourth power
 12433 | D:9      | Identified a scroll of acquirement
 13312 | D:9      | Reached XP level 11. HP: 61/90 MP: 11/11
 13397 | D:9      | Found a roughly hewn altar of Beogh.
 13397 | D:9      | Found a staircase to the Orcish Mines.
 14251 | Lair:1   | Reached skill level 16 in Polearms
 14252 | Lair:1   | Noticed a black mamba
 14256 | Lair:1   | Noticed a five-headed hydra
 14263 | Lair:1   | Reached skill level 1 in Invocations
 14267 | Lair:1   | HP: 4/90 [five-headed hydra (10)]
 14267 | Lair:1   | Slain by a five-headed hydra

Vault maps used:
D:1:      minmay_arrival_split_and_join
D:2:      nicolae_tso_carved_into_rock, first_bread
D:3:      ecumenical_altar_1
D:4:      kennysheep_kobold_camp, kennysheep_mini_moat, uniq_duvessa
D:5:      minmay_temple_entry_glass
D:6:      elyvilon_altar_5
D:7:      gammafunk_temple_overflow_statue, serial_glass, glass_columns_a,
          glass_columns_c
D:8:      lemuel_crystal_altar, nemelex_deck, dpeg_oklobed_lair, serial_shops,
          nicolae_shop_waterfront
D:9:      nicolae_overflow_hidden_temple, david_orc_5, hangedman_fish_farm,
          uniq_grum
Temple:   chambers_temple_12

Action                   |  1- 3 |  4- 6 |  7- 9 | 10-12 || total
-------------------------+-------+-------+-------+-------++-------
Melee: Trident           |    91 |   273 |   615 |   189 ||  1168
       Halberd           |       |       |       |   124 ||   124
Invok: Bend Time         |       |       |     1 |     3 ||     4
       Slouch            |       |       |       |     1 ||     1
 Abil: Spit Poison       |       |     4 |     6 |     9 ||    19
Evoke: Wand              |       |       |     1 |     2 ||     3
  Use: Scroll            |     1 |     9 |    10 |     7 ||    27
       Potion            |       |       |     2 |     9 ||    11
 Stab: Invisible         |       |       |     1 |     2 ||     3
       Distracted        |       |       |       |     1 ||     1
       Sleeping          |       |       |       |     1 ||     1
  Eat: Chunk             |     2 |     2 |    14 |     6 ||    24
       Bread ration      |       |     1 |       |       ||     1
       Royal jelly       |       |       |     2 |       ||     2
       Fruit             |       |       |       |     1 ||     1
